Map: Neon Violet Square LE

Players

axu - Winner!

  • Race: Protoss Protoss
  • League: Platinum
  • Spawn Location: 5:00

Cookie

  • Race: Protoss Protoss
  • League: Platinum
  • Spawn Location: 11:00

VOD

Have the link to the VOD?

Description

Time

  • Played on: April 10, 2018, 10:45 a.m.
  • Length: 6:11
Show
View Real Time Build Order
Export as new Build Order

axu Protoss - Winner!

Build Orders:  

Get SALT Encoding   

  12  0:01  Probe  
  13  0:13  Probe  
  14  0:19  Pylon  
  14  0:25  Probe  
  15  0:37  Probe  
  16  0:43  Gateway  
  16  0:50  Probe  
  16  0:52  Assimilator  
  16  0:55  Assimilator  
  17  1:02  Probe (Chrono Boost)  
  18  1:14  Probe (Chrono Boost)  
  19  1:23  Gateway  
  19  1:24  Probe (Chrono Boost)  
  20  1:31  Cybernetics Core  
  20  1:35  Pylon  
  20  1:36  Probe  
  21  1:53  Probe  
  22  2:05  Probe  
  23  2:09  Adept (Chrono Boost)  
  23  2:10  Adept (Chrono Boost)  
  23  2:12  Warp Gate  
  27  2:28  Stalker (Chrono Boost)  
  27  2:29  Stalker (Chrono Boost)  
  29  2:32  Pylon  
  31  2:50  Probe  
  32  2:56  Nexus  
  32  3:33  Stalker x2  
  32  3:51  Robotics Facility  
  32  3:53  Pylon  
  32  4:11  Gateway  
  32  4:13  Gateway  
  32  4:14  Shield Battery  
  32  4:17  Pylon  
  32  4:20  Shield Battery, Probe  
  32  4:22  Probe  
  34  4:31  Stalker  
  34  4:38  Stalker  
  38  4:41  Probe (Chrono Boost)  
  39  4:51  Probe x2 (Chrono Boost)  
  41  4:57  Probe  
  41  4:58  Probe  
  43  5:02  Immortal (Chrono Boost)  
  47  5:15  Stalker  
  47  5:17  Stalker  
  51  5:25  Probe x2  
  53  5:37  Probe  
  53  5:38  Probe  
  55  5:47  Stalker x2  
Show
View Real Time Build Order
Export as new Build Order

Cookie Protoss 

Build Orders: Blink Stalkers 

Get SALT Encoding   

  12  0:01  Probe  
  13  0:13  Probe  
  14  0:18  Pylon  
  14  0:25  Probe  
  15  0:37  Probe (Chrono Boost)  
  15  0:41  Gateway  
  16  0:49  Assimilator, Probe (Chrono Boost)  
  18  0:57  Probe (Chrono Boost)  
  18  1:14  Assimilator  
  18  1:19  Gateway  
  18  1:20  Probe  
  19  1:31  Pylon  
  19  1:34  Cybernetics Core  
  19  1:41  Probe  
  20  1:51  Pylon  
  20  1:55  Gateway  
  20  1:58  Probe  
  21  2:10  Probe  
  21  2:13  Warp Gate  
  22  2:17  Stalker  
  24  2:25  Stalker  
  24  2:28  Probe  
  27  2:44  Twilight Council  
  27  2:54  Stalker  
  27  2:57  Stalker  
  31  3:12  Gateway  
  31  3:16  Pylon  
  25  3:41  Blink (Chrono Boost)  
  25  4:00  Probe  
  26  4:12  Probe  
  28  4:24  Probe  
  28  4:36  Probe  
  29  4:45  Stalker x2  
  33  4:48  Probe  
  33  4:52  Pylon  
  34  4:56  Pylon  
  34  5:12  Stalker x2  
  38  5:27  Stalker x2  
  42  5:38  Stalker  
  42  5:46  Stalker  
Tags
 
Add a new tag
Caveats
  • Supply blocks, unpowered buildings, or Contaminate may cause inaccurate times.
  • Supply counts are checked every 10 seconds.